Map: Blackpink LE

Players

Frauke

  • Race: Protoss Protoss
  • League: Silver
  • Spawn Location: 1:00

A.I. 1 (Hard) - Winner!

  • Race: Zerg Zerg
  • Spawn Location: 7:00

VOD

Have the link to the VOD?

Description

Time

  • Played on: April 23, 2018, 1:19 a.m.
  • Length: 6:12
Show
View Real Time Build Order
Export as new Build Order

Frauke Protoss 

Build Orders:  

Get SALT Encoding   

  1  0:00  Probe  
  12  0:05  Probe  
  14  0:20  Pylon  
  14  0:43  Probe  
  15  0:55  Probe  
  16  0:57  Gateway  
  16  1:07  Probe  
  16  1:09  Pylon  
  17  1:19  Probe  
  17  1:20  Forge  
  18  1:31  Probe  
  19  1:45  Cybernetics Core  
  19  1:53  Nexus  
  19  2:01  Photon Cannon  
  19  2:11  Photon Cannon  
  19  2:17  Pylon  
  18  2:46  Probe  
  18  2:47  Assimilator  
  18  2:49  Zealot  
  21  2:53  Assimilator  
  21  3:16  Zealot  
  23  3:25  Probe  
  24  3:34  Probe  
  24  3:38  Probe  
  26  3:42  Probe  
  26  3:43  Zealot  
  29  3:49  Pylon  
  29  3:50  Warp Gate, Probe  
  29  3:52  Probe  
  31  4:02  Probe  
  32  4:04  Probe  
  33  4:10  Zealot  
  33  4:11  Gateway  
  33  4:14  Probe  
  36  4:37  Stalker  
  38  4:39  Pylon  
  38  4:46  Probe  
  38  4:49  Assimilator  
  39  4:58  Probe  
  40  5:03  Robotics Facility  
  40  5:04  Robotics Facility  
  40  5:07  Stalker  
  40  5:09  Probe  
  43  5:18  Probe  
  43  5:23  Stalker  
  43  5:26  Probe  
  45  5:37  Probe, Stalker  
  42  5:49  Probe  
Show
View Real Time Build Order
Export as new Build Order

A.I. 1 (Hard) Zerg - Winner!

Build Orders: Pool Only 

Get SALT Encoding   

  12  0:00  Drone  
  13  0:12  Overlord  
  13  0:17  Drone  
  14  0:30  Drone  
  14  0:32  Drone  
  16  0:42  Spawning Pool  
  16  0:44  Drone  
  16  0:48  Drone  
  17  0:52  Extractor  
  17  0:55  Drone  
  17  1:06  Overlord  
  17  1:29  Queen  
  17  1:31  Zergling x2  
  20  1:35  Roach Warren  
  20  1:37  Zergling x2  
  20  1:38  Drone  
  21  1:40  Extractor  
  20  1:49  Drone  
  21  2:00  Drone  
  22  2:10  Overlord  
  22  2:21  Drone  
  23  2:32  Roach  
  23  2:36  Drone  
  26  2:38  Roach  
  26  2:41  Overlord  
  28  2:44  Roach  
  30  2:54  Roach  
  32  3:05  Roach  
  34  3:08  Drone  
  34  3:10  Overlord  
  34  3:11  Roach  
  37  3:17  Drone  
  38  3:26  Baneling Nest  
  37  3:28  Drone  
  38  3:35  Evolution Chamber  
  38  3:39  Roach, Drone  
  38  3:41  Drone  
  41  3:50  Drone  
  42  4:00  Drone  
  43  4:11  Drone  
  43  4:12  Roach  
  46  4:52  Lair  
  46  4:53  Overlord  
  46  4:55  Evolution Chamber  
  46  4:56  Drone  
  46  5:20  Spore Crawler  
  45  5:22  Drone  
  45  5:26  Spore Crawler  
  45  5:29  Drone  
  45  5:33  Zergling x2  
  43  5:45  Roach  
  43  5:49  Overseer  
  47  5:51  Overseer, Hydralisk Den  
  47  5:53  Spine Crawler  
  47  5:54  Drone  
  46  6:02  Spine Crawler  
Tags
 
League
Silver
Matchup
PvZ
Opening
Pool Only
Spawn Locations
Cross Positions
Add a new tag
Caveats
  • Supply blocks, unpowered buildings, or Contaminate may cause inaccurate times.
  • Supply counts are checked every 10 seconds.